 Dungeon Crawl Stone Soup version 0.29-a0-275-g389c0b56f3 (webtiles) character file.

Game seed: 2983872260422507714

81 Dabor the Chopper (level 4, -2/61 HPs)
             Began as a Minotaur Berserker on Mar 12, 2022.
             Was a Follower of Trog.
             Slain by a gnoll
             ... wielding a +0 spear
              (4 damage)
             ... on level 2 of the Dungeon.
             The game lasted 00:01:37 (1564 turns).

Dabor the Chopper (Minotaur Berserker)              Turns: 1564, Time: 00:01:38

Health: -2/61      AC:  2    Str: 23    XL:     4   Next: 20%
Magic:  3/3        EV: 12    Int:  4    God:    Trog [*.....]
Gold:   74         SH:  0    Dex:  8    Spells: 3/3 levels left

rFire   . . .      SeeInvis .   i - +2 spear (vorpal)
rCold   . . .      Faith    .   (no shield)
rNeg    . . .      Spirit   .   b - +0 animal skin
rPois   .          Reflect  .   (helmet restricted)
rElec   .          Harm     .   (no cloak)
rCorr   .          Rampage  .   (no gloves)
Will    .....      Clarity  +   (no boots)
Stlth   ..........              (no amulet)
HPRegen 0.20/turn               (no ring)
MPRegen 0.08/turn               (no ring)

@: berserking, very quick
A: horns 2, retaliatory headbutt, clarity, clumsy 1
a: Renounce Religion, Berserk


You were on level 2 of the Dungeon.
You worshipped Trog.
Trog was aware of your devotion.
You visited 1 branch of the dungeon, and saw 2 of its levels.

You collected 74 gold pieces.

Inventory:

Hand Weapons
 a - a +0 hand axe
 i - a +2 vorpal spear (weapon)
Armour
 b - a +0 animal skin (worn)
Scrolls
 d - a scroll of amnesia {unknown}
 f - a scroll of identify {unknown}
 g - 2 scrolls of teleportation {unknown}
Potions
 h - a potion of haste {unknown}


   Skills:
 + Level 4.3 Fighting
 + Level 4.4 Axes
 + Level 3.4 Armour
 + Level 3.0 Dodging


You had 3 spell levels left.
You didn't know any spells.
Your spell library was empty.

Dungeon Overview and Level Annotations

Branches:
Dungeon (2/15)

Altars:


Innate Abilities, Weirdness & Mutations

You have a pair of horns on your head.
You reflexively headbutt those who attack you in melee.
You possess an exceptional clarity of mind.
You are clumsy. (Dex -2)


Message History

You puncture the gnoll!
The gnoll is severely wounded.
The gnoll hits you from afar with a +0 spear.
The gnoll hits you with a +0 flail!
You are too injured to fight recklessly!
You are too injured to fight recklessly!
You are too injured to fight recklessly!
The gnoll attacks as you move away! The gnoll hits you with a +0 flail!
* * * LOW HITPOINT WARNING * * *
The gnoll attacks as you move away! The gnoll barely misses you.
The gnoll attacks as you move away! The gnoll misses you.
A red film seems to cover your vision as you go berserk!
You feel yourself moving faster!
You feel mighty! The gnoll hits you but does no damage.
You puncture the gnoll! Your headbutt misses the gnoll.
The gnoll is severely wounded.
You puncture the gnoll!
You kill the gnoll!
Trog accepts your kill. The gnoll closely misses you.
Your Dodging skill increases to level 3!
You have reached level 4!
You feel agile.
You puncture the gnoll!
You kill the gnoll!
Trog accepts your kill.
The gnoll hits you from afar with a +0 spear.
* * * LOW HITPOINT WARNING * * *
Reach: i) +2 spear (vorpal)
Press: ? - help, Dir - move target, f - gnoll
Aim: a gnoll, wielding a +0 spear (about 34% to evade your +2 vorpal spear)
You reach to attack!
You puncture the gnoll!
The gnoll is almost dead.
Reach: i) +2 spear (vorpal)
Press: ? - help, Dir - move target, f/p - gnoll
Aim: a gnoll, wielding a +0 spear (almost dead, about 34% to evade your +2 vorpal spear)
You reach to attack!
You closely miss the gnoll.
The gnoll is almost dead.
The gnoll hits you from afar with a +0 spear.
You die...

..###.......##. ##
#......$...... ..
............## .#
##..........# # .######
##.......#...#...# .##...#
#.........)......# ....#.#
#.###....g###....# .####.#
#.# #####)# ..# .##...###.#
##@.# # ..........#
#..######## .....####.#
#.#...#...## ..##..##..#
#..........## #..##....##
##...).......# #.....#...##
#............#
##..#####.:###............#
#... #........).......##
....#.....#....#....#...##


You could see a gnoll.

Vanquished Creatures
  3 gnolls (D:2)
  2 adders (D:2)
  A worm (D:2)
  3 dart slugs
  2 endoplasms
  2 giant cockroaches (D:1)
  A goblin (D:1)
  3 hobgoblins (D:1)
  3 quokkas
  2 ball pythons
  2 frilled lizards (D:1)
  2 kobolds (D:1)
  A rat (D:1)
27 creatures vanquished.

Notes
Turn   | Place    | Note
-------+----------+-------------------------------------------
     0 | D:1      | Dabor the Minotaur Berserker began the quest for the Orb.
     0 | D:1      | Reached XP level 1. HP: 19/19 MP: 0/0
   142 | D:1      | Found a faded altar of an unknown god.
   231 | D:1      | Reached XP level 2. HP: 26/27 MP: 1/1
  1002 | D:2      | Reached XP level 3. HP: 10/33 MP: 2/2
  1005 | D:2      | Gained mutation: You possess an exceptional clarity of
                  | mind. [potion of mutation]
  1005 | D:2      | Gained mutation: You are clumsy. (Dex -2) [potion of
                  | mutation]
  1562 | D:2      | Reached XP level 4. HP: 5/41 MP: 3/3
  1562 | D:2      | HP: 1/61 [gnoll/+0 spear (4)]
  1564 | D:2      | Slain by a gnoll

Illustrated notes

Levels and vault maps discovered:
D:1:      noname_arrival_rooms_in_the_neighbourhood, layout_basic,
          hellmonk_ecumenical_altar_crossroads, chequers_serial_rivers_room_b
D:2:      layout_rooms, kennysheep_path_1

Skill      XL: |  1  2  3 |
---------------+----------+-----
Fighting       | 4 |  4.3
Axes           | 4 |  4.4
Armour         | 3 |  3.4
Dodging        | 3 |  3.0

Action                   |  1- 3 |  4- 6 || total
-------------------------+-------+-------++-------
Melee: Hand axe          |    29 |       ||    29
       Spear             |    35 |     3 ||    38
       Headbutt          |    13 |       ||    13
Invok: Berserk           |     1 |       ||     1
  Use: Potion            |     2 |       ||     2
Armor: Animal skin       |     6 |       ||     6
Dodge: Dodged            |    41 |       ||    41

Table legend: (Time is in decaauts)
 A = Elapsed time spent in this place.
 B = Non-inter-level travel time spent in this place.
 C = Inter-level travel time spent in this place.
 D = Time resting spent in this place.
 E = Time spent auto-exploring this place.
 F = Levels seen in this place.
 G = Mean time per level.
                   A        B        C        D        E       F      G
               +--------+--------+--------+--------+--------+-----+--------+
         Total |   1568 |   1500 |     68 |    349 |    978 |   2 |  784.0 |
       Dungeon |   1568 |   1500 |     68 |    349 |    978 |   2 |  784.0 |
               +--------+--------+--------+--------+--------+-----+--------+

Top non-repeatable levels by time:
     D:1: 1250 daAuts
     D:2: 317 daAuts
